 Dungeon Crawl Stone Soup version 0.14-a0-30-gf0b6e91 (webtiles) character file.

775 Malachi the Covert (level 7, -3/46 HPs)
             Began as a Vampire Enchanter on Sept 21, 2013.
             Killed from afar by an orc wizard (6 damage)
             ... with a magic dart
             ... on Level 4 of the Dungeon on Sept 26, 2013.
             The game lasted 00:20:38 (6051 turns).

Malachi the Covert (Vampire Enchanter)              Turns: 6051, Time: 00:20:38

HP  -3/46        AC  0     Str  2      XL: 7   Next: 18%
MP   2/13        EV 22     Int 19      God:
Gold 173         SH  0     Dex 19      Spells:  3 memorised,  3 levels left

Res.Fire  : . . .   See Invis. : +   a - melded +3,+1 dagger {=f}
Res.Cold  : + . .   Warding    : .   b - melded +1 robe
Life Prot.: + + .   Conserve   : .   (shield currently unavailable)
Res.Poison: +       Res.Corr.  : .   (helmet currently unavailable)
Res.Elec. : .       Clarity    : .   u - melded +1 dwarf cloak
Sust.Abil.: . .     Spirit.Shd : .   (gloves currently unavailable)
Res.Mut.  : +       Stasis     : .   (boots currently unavailable)
Res.Rott. : +       Flight     : +   y - amulet of resist mutation
Saprovore : . . .                    o - melded ring of protection from fire
                                     g - melded cursed +3 ring of protection

@: bat-form, regenerating slowly, flying, very slightly contaminated, very
quick, slightly resistant to hostile enchantments, extremely stealthy
A: bottle blood, (fangs 0), see invisible, (unbreathing)
a: Bottle Blood, End Transformation


You were on level 4 of the Dungeon.
You were very thirsty.
You were in vampire bat-form.
You visited 1 branch of the dungeon, and saw 5 of its levels.

You collected 249 gold pieces.
You spent 96 gold pieces at shops.

Inventory:

Hand weapons
 a - a +3,+1 dagger (melded) {=f}
 A - a +0 blowgun
Missiles
 d - 12 darts (quivered)
 h - 4 darts of dispersal
 z - 16 poisoned needles
Armour
 b - a +1 robe (melded)
 m - the +1 cloak "Bayvi" {Str-3 Int+2 Curse}
   (You bought it in a shop on level 4 of the Dungeon)

   It affects your strength (-3).
   It affects your intelligence (+2).
   It may recurse itself.
 u - a +1 dwarven cloak (melded)
Scrolls
 i - 2 scrolls of identify
 l - 3 scrolls of teleportation
 q - a scroll of magic mapping
 s - a scroll of remove curse
 v - a scroll of blinking
 B - a scroll of enchant armour {unknown}
Jewellery
 g - a cursed +3 ring of protection (melded)
 k - an uncursed ring of protection from magic
 n - an uncursed ring of positive energy
 o - a ring of protection from fire (melded)
 y - an amulet of resist mutation (around neck)
Potions
 e - a potion of invisibility
 f - a potion of heal wounds
 j - 2 potions of paralysis
 p - 8 potions of curing
 r - 4 potions of blood
 w - a potion of might {unknown}
 x - 2 potions of coagulated blood
Books
 c - a book of Maledictions

   Spells                             Type                      Level
   Corona                             Hexes                        1
   *Sure Blade                        Hexes/Charms                 2
   *Ensorcelled Hibernation           Hexes/Ice                    2
   *Confuse                           Hexes                        3
   Enslavement                        Hexes                        4
   Invisibility                       Hexes                        6
 t - a book of Spatial Translocations

   Spells                             Type                      Level
   Apportation                        Translocation                1
   Portal Projectile                  Translocation                2
   Blink                              Translocation                2
   Shroud of Golubria                 Charms/Translocation         2
   Teleport Other                     Translocation                3
   Passage of Golubria                Translocation                4


   Skills:
 + Level 0.8 Fighting
 + Level 2.2 Short Blades
 + Level 0.7 Throwing
 + Level 3.8 Dodging
 * Level 9.0 Stealth
 + Level 2.1 Spellcasting
 * Level 6.2 Hexes
 - Level 1.0 Ice Magic


You had 3 spell levels left.
You knew the following spells:

 Your Spells              Type           Power        Failure   Level  Hunger
a - Sure Blade            Hex/Chrm       ##........   24%         2    ##.....
b - Ensorcelled Hibernat  Hex/Ice        ###...       21%         2    ##.....
c - Confuse               Hex            ####....     14%         3    ###....


Dungeon Overview and Level Annotations

Branches:
Dungeon (5/27)
 Temple: D:4-7

Altars:
Cheibriados
Fedhas
Zin

Shops:
D:4 [}(**


Innate Abilities, Weirdness & Mutations

You heal slowly.
You can bottle blood from corpses.
((You have razor-sharp teeth.))*
You have supernaturally acute eyesight.
((You can survive without breathing.))*


Message History

Your ring of protection from fire melds into your body.
The orc wizard misses you. The hound completely misses you.
The hound bites you.
* * * LOW HITPOINT WARNING * * *
There is a stone staircase leading up here.
The hound closely misses you.
The orc wizard gestures at you while chanting.
The magic dart hits you!
* * * LOW HITPOINT WARNING * * *
You fly upwards.
There is a stone staircase leading down here.
Unknown command.
The orc wizard hits you with an orcish hand axe.
* * * LOW HITPOINT WARNING * * *
You can't do that in your present form.
The orc wizard casts a spell.
The orc wizard blinks!
The orc wizard casts a spell at you. The magic dart hits you!
You die...

############ #.'.............
#......%)..# ###............#
#..........#####..%.∩.......#
#.......[..##.#####.#..#<...#
#..........##.#####.#......##
#............>...............
#.####'#...##.§####.##....###
#.# #.....##h...............
#.####.#....b...########..###
#........o......##........##
######.#.####.#.##.........#
#####.....# #.#.##.........##
#.......#.# #.#.##.........##
#..∩....#.# #.#.##.........##
#.......#.####...#########..##
#######.#.##...........# #..##
#.#.##...........# #....


You could see a hound and an orc wizard.

Vanquished Creatures
  A phantom (D:5)
  The ghost of VladTC the Scratcher, a weakling FeTm (D:3)
  A crimson imp (D:3)
  A hound (D:4)
  An orc priest (D:3)
  5 orc wizards
  A worker ant (D:4)
  A hound skeleton (D:4)
  8 adders
  A giant mite (D:2)
  2 inept feature mimics
  A worm (D:4)
  An ooze (D:2)
  8 orcs
  6 ball pythons
  3 giant cockroaches
  10 goblins
  8 hobgoblins
  10 jackals
  10 kobolds
  3 quokkas
  13 bats
  8 giant newts
  A hobgoblin skeleton (D:4)
  43 rats
148 creatures vanquished.

Notes
Turn   | Place    | Note
--------------------------------------------------------------
     0 | D:1      | Malachi, the Vampire Enchanter, began the quest for the Orb.
     0 | D:1      | Reached XP level 1. HP: 13/13 MP: 4/4
   270 | D:1      | Reached XP level 2. HP: 11/19 MP: 5/5
   321 | D:1      | Learned a level 2 spell: Ensorcelled Hibernation
   712 | D:1      | Reached skill level 5 in Hexes
  1862 | D:2      | Reached XP level 3. HP: 18/24 MP: 6/6
  2697 | D:2      | Reached XP level 4. HP: 17/30 MP: 8/8
  3090 | D:2      | Reached skill level 5 in Stealth
  3558 | D:2      | Found a glowing silver altar of Zin.
  3558 | D:2      | Found a snail-covered altar of Cheibriados.
  3559 | D:2      | Found a blossoming altar of Fedhas.
  3787 | D:2      | Learned a level 2 spell: Sure Blade
  3800 | D:2      | Upgraded the game from 0.13-a0-3133-gec0fa00 to 0.14-a0-30-gf0b6e91
  3953 | D:3      | Reached XP level 5. HP: 24/35 MP: 0/9
  4178 | D:3      | Reached skill level 6 in Stealth
  4324 | D:3      | Noticed VladTC's ghost (weakling FeTm)
  4338 | D:3      | Killed VladTC's ghost
  4485 | D:3      | Reached XP level 6. HP: 39/41 MP: 6/11
  4507 | D:3      | Reached skill level 7 in Stealth
  4809 | D:3      | Learned a level 3 spell: Confuse
  5008 | D:4      | Found Uman's Gadget Emporium.
  5169 | D:4      | Found Wafaugaj's General Store.
  5319 | D:4      | Found Xeraun's Weapon Boutique.
  5422 | D:4      | Reached skill level 8 in Stealth
  5435 | D:4      | Reached skill level 1 in Ice Magic
  5461 | D:4      | Found Oheim's Antique Armour Emporium.
  5466 | D:4      | Bought a distressingly furry cloak for 96 gold pieces
  5467 | D:4      | Identified the +1 cloak "Bayvi" {Str-3 Int+2 Curse} (You bought it in a shop on level 4 of the Dungeon)
  5828 | D:4      | Found Daruiz's General Store.
  5935 | D:5      | Entered Level 5 of the Dungeon
  5936 | D:5      | Reached XP level 7. HP: 46/46 MP: 13/13
  6033 | D:5      | Reached skill level 9 in Stealth
  6051 | D:4      | Killed from afar by an orc wizard

Action                   |  1- 3 |  4- 6 |  7- 9 || total
-------------------------+-------+-------+-------++-------
Melee: Dagger            |   191 |   261 |    19 ||   471
 Cast: Ensorcelled Hiber |    13 |    44 |     5 ||    62
       Corona            |     2 |       |       ||     2
       Confuse           |       |     4 |       ||     4
       Sure Blade        |       |       |     1 ||     1
 Abil: Bottle Blood      |       |     1 |       ||     1
       Bat Form          |       |       |     1 ||     1
  Use: Scroll            |       |    20 |       ||    20
 Stab: Sleeping          |    14 |    47 |     1 ||    62
       Distracted        |       |     2 |       ||     2
       Confused          |       |     2 |       ||     2
